 Dungeon Crawl Stone Soup version 0.29-a0-700-g2f1814c7b2 (webtiles) character file.

Game seed: 6834039805239456710

106 Sabo the Skirmisher (level 4, -3/41 HPs)
             Began as a Hill Orc Fighter on June 25, 2022.
             Slain by a gnoll
             ... wielding a +0 halberd
              (7 damage)
             ... on level 2 of the Dungeon.
             The game lasted 00:08:10 (1951 turns).

Sabo the Skirmisher (Hill Orc Fighter)              Turns: 1951, Time: 00:08:13

Health: -3/41      AC:  9    Str: 20    XL:     4   Next: 84%
Magic:  4/4        EV:  7    Int:  8    God:
Gold:   62         SH:  4    Dex: 10    Spells: 3/3 levels left

rFire   . . .      SeeInvis .   k - +1 war axe (elec)
rCold   . . .      Faith    .   c - +0 buckler
rNeg    . . .      Spirit   .   h - +0 chain mail
rPois   .          Reflect  .   (no helmet)
rElec   .          Harm     .   m - scarf {repulsion}
rCorr   .          Rampage  .   (no gloves)
Will    .....                   (no boots)
Stlth   ..........              (no amulet)
HPRegen 0.13/turn               (no ring)
MPRegen 0.09/turn               (no ring)

@: lethally poisoned (-3 -> -17), repel missiles
A: no striking features
a: no special abilities


You were on level 2 of the Dungeon.
You visited 1 branch of the dungeon, and saw 2 of its levels.

You collected 62 gold pieces.

Inventory:

Hand Weapons
 k - a +1 war axe of electrocution (weapon)
Missiles
 f - 3 poisoned darts (quivered)
Armour
 c - a +0 buckler (worn)
 h - a +0 chain mail (worn)
 m - a scarf of repulsion (worn)
Jewellery
 b - a ring of fire
Scrolls
 a - a scroll of enchant weapon {unknown}
 e - a scroll of enchant armour {unknown}
 l - a scroll of torment {unknown}
 n - a scroll of blinking {unknown}
 o - a scroll of poison {unknown}
Potions
 d - a potion of might
 g - a potion of flight {unknown}
 i - a potion of attraction {unknown}
 j - a potion of brilliance {unknown}


   Skills:
 + Level 4.3 Fighting
 + Level 4.3 Axes
 + Level 3.9 Armour
 + Level 0.2 Dodging
 + Level 0.2 Stealth
 + Level 3.9 Shields


You had 3 spell levels left.
You didn't know any spells.
Your spell library contained the following spells:

 Spells                   Type           Power      Damage    Failure   Level
 Summon Small Mammal      Summ           0%         N/A       99%         1
 Call Canine Familiar     Summ           0%         N/A       100%        3
 Summon Guardian Golem    Hex/Summ       0%         N/A       100%        3


Dungeon Overview and Level Annotations

Branches:
Dungeon (2/15)

Altars:

Shops:
D:1 (


Message History

You throw a poisoned dart.
The poisoned dart barely misses the gnoll.
The poisoned dart hits the gnoll.
The gnoll is poisoned.
Throw: 5 darts (poison)
Press: ? - help, Q - select action Shift-Dir - straight line, f - gnoll
Aim: a gnoll, wielding a +1 halberd of venom and quivering 2 throwing nets (lightly wounded, poisoned, 61% to hit)
You throw a poisoned dart.
The poisoned dart barely misses the gnoll.
The poisoned dart hits the jackal.
The jackal is poisoned.
A jackal comes into view.
The gnoll throws a throwing net.
The throwing net barely misses you.
The jackal moves out of view.
Throw: 4 darts (poison)
Press: ? - help, Q - select action Shift-Dir - straight line, f/p - gnoll
Aim: a gnoll, wielding a +1 halberd of venom and quivering a throwing net (lightly wounded, poisoned, 61% to hit)
You throw a poisoned dart. The poisoned dart hits the gnoll.
You hit the gnoll.
The gnoll is heavily wounded.
The gnoll hits you with a +0 club.
You slash the gnoll!
You kill the gnoll!
The gnoll hits you from afar with a +0 halberd.
You slash the jackal!
You kill the jackal!
The gnoll closely misses you. You block the jackal's attack.
The gnoll hits you from afar with a +0 halberd!
You hit the jackal.
You kill the jackal!
You block the gnoll's attack.
You barely miss the jackal.
The gnoll looks more healthy.
The jackal bites you. The gnoll barely misses you.
The gnoll hits you from afar with a +0 halberd!
You block the jackal's attack.
You slash the jackal!
You kill the jackal!
The gnoll hits you from afar with a +1 halberd of venom!
* * * LOW HITPOINT WARNING * * *
You are lethally poisoned!
The gnoll hits you from afar with a +0 halberd!
You die...

.....?.# #.# ......#
#######.# .(...#
.......[.
#...########.#.####.#
#............ #.#
####..g...>..... #.#
#.....gg....?... #.#
#.##..#)#..?.... #.#
#.##..#@#####..#######†.
#.##†.#.# ..........
#.##....# .########.
#.##.#### . #.##.# .
#.##.. . #.##.# ##.
#.##.# #.. #.##.# ...


You could see 3 gnolls.

Vanquished Creatures
  Jessica (D:2)
  A gnoll (D:2)
  An adder (D:2)
  2 worms (D:2)
  4 dart slugs
  5 ball pythons
  5 bats
  3 endoplasms
  10 jackals
  4 quokkas
  A frilled lizard (D:2)
  6 goblins
  3 kobolds
  2 rats (D:1)
48 creatures vanquished.

Notes
Turn   | Place    | Note
-------+----------+-------------------------------------------
     0 | D:1      | Sabo the Hill Orc Fighter began the quest for the Orb.
     0 | D:1      | Reached XP level 1. HP: 19/19 MP: 1/1
   152 | D:1      | Reached XP level 2. HP: 22/27 MP: 2/2
   758 | D:1      | Found Gouwoz's Weapon Shop.
   886 | D:1      | Reached XP level 3. HP: 33/33 MP: 3/3
  1532 | D:2      | Reached XP level 4. HP: 40/40 MP: 4/4
  1532 | D:2      | Noticed Jessica
  1538 | D:2      | Killed Jessica
  1951 | D:2      | Slain by a gnoll

Illustrated notes

Levels and vault maps discovered:
D:1:      nicolae_arrival_memento_mori, layout_basic, serial_shops, shop
D:2:      layout_loops_ring, uniq_jessica

Skill      XL: |  1  2  3  4 |
---------------+-------------+-----
Axes           | 3 4 |  4.3
Fighting       | 4 |  4.3
Armour         | |  3.9
Dodging        | |  0.2
Stealth        | |  0.2
Shields        | |  3.9

Action                   |  1- 3 |  4- 6 || total
-------------------------+-------+-------++-------
Melee: War axe           |   107 |    29 ||   136
Throw: Dart              |       |     3 ||     3
Armor: Scale mail        |    24 |       ||    24
       Chain mail        |    39 |    11 ||    50
Dodge: Dodged            |    56 |    10 ||    66
Block: Buckler           |    32 |     7 ||    39

Table legend: (Time is in decaauts)
 A = Elapsed time spent in this place.
 B = Non-inter-level travel time spent in this place.
 C = Inter-level travel time spent in this place.
 D = Time resting spent in this place.
 E = Time spent auto-exploring this place.
 F = Levels seen in this place.
 G = Mean time per level.
                   A        B        C        D        E       F      G
               +--------+--------+--------+--------+--------+-----+--------+
         Total |   2003 |   2003 |      0 |    463 |      0 |   2 | 1001.5 |
       Dungeon |   2003 |   2003 |      0 |    463 |      0 |   2 | 1001.5 |
               +--------+--------+--------+--------+--------+-----+--------+

Top non-repeatable levels by time:
     D:1: 1259 daAuts
     D:2: 743 daAuts
